AoeStats
← jphilkill

Nomad

510276625Analyzed
4v4 RM · 1d ago on Sep 30, 2026· 46m 50s· 8 players
Game mode
Random Map
Map size
231×231
Population
200
Speed
Normal
Resources
Standard
Victory
Conquest
Starting age
Dark Age
Ending age
Imperial Age
RankedLock teamsTeams togetherTeam positionsShared explorationLock speedFull tech treeHidden civsTurbo modeCheats
Victory
Defeat
🇪🇸 Gurjaras · Spain
995
+15
🇬🇧 Burgundians · United Kingdom
976
+16
🇩🇪 Huns · Germany
953
+17
🇦🇺 Teutons · Australia
935
+17
🇰🇷 Byzantines · South Korea
1002
-18
🇰🇷 Bohemians · South Korea
1001
-18
🇨🇳 Huns · China
960
-16
🇷🇺 Jurchens · Russia
901
-13
ralph85
5:45 Loom
7:53 Double-Bit Axe
14:06 Fishing Lines
17:58 Feudal Age
18:07 Stone Mining
22:20 Fletching
24:58 Castle Age
26:58 Horse Collar
28:37 Murder Holes
30:26 Gillnets
31:11 Gold Mining
32:34 Bow Saw
32:44 Medium Warships
33:34 Gold Shaft Mining
34:24 Heavy Plow
35:16 Scale Barding Armor
37:07 Burgundian Vineyards
36:27 Cavalier
37:23 Husbandry
38:33 Two-Man Saw
39:18 Stone Shaft Mining
39:44 Wheelbarrow
39:25 Squires
45:20 Chain Barding Armor
46:15 Forging
48:51 Imperial Age
psycomp3
10:20 Loom
20:44 Feudal Age
22:03 Wheelbarrow
23:44 Fletching
25:15 Padded Archer Armor
26:21 Man-at-Arms
27:26 Forging
27:43 Scale Mail Armor
27:42 Arson
44:42 Castle Age
mr_intox
5:04 Loom
14:39 Feudal Age
21:26 Castle Age
20:09 Double-Bit Axe
23:25 Town Watch
24:16 Wheelbarrow
25:06 Fishing Lines
25:57 Horse Collar
33:13 Squires
32:59 Arson
37:46 Imperial Age
35:32 Hand Cart
36:36 Bloodlines
36:35 Scale Barding Armor
36:41 Forging
37:14 Gold Mining
38:19 Stone Mining
39:07 Chain Barding Armor
39:23 Iron Casting
38:37 Cavalier
39:47 Heavy Plow
43:12 Conscription
44:48 Crop Rotation
44:29 Gillnets
45:57 Paladin
47:48 Blast Furnace
jphilkill
4:13 Loom
16:10 Feudal Age
17:07 Double-Bit Axe
20:31 Wheelbarrow
19:42 Horse Collar
19:56 Gold Mining
23:44 Castle Age
23:45 Scale Barding Armor
23:51 Forging
23:35 Stone Mining
25:13 Medium Warships
25:02 Pikeman
26:09 Husbandry
27:08 Demolition Ship
34:47 Fishing Lines
36:15 Heavy Plow
36:18 Squires
36:22 Scale Mail Armor
36:35 Bloodlines
37:26 Murder Holes
39:19 Gillnets
41:53 Gold Shaft Mining
44:53 Imperial Age
45:19 Halberdier
47:29 Conscription
shamannking1993
3:30 Loom
23:54 Feudal Age
25:45 Fletching
25:56 Padded Archer Armor
31:05 Bloodlines
32:34 Town Watch
32:44 Fishing Lines
35:04 Wheelbarrow
38:15 Castle Age
Pitcher
5:16 Loom
14:42 Feudal Age
19:02 Double-Bit Axe
21:49 Castle Age
23:20 Wheelbarrow
22:26 Horse Collar
23:21 Medium Warships
23:57 Fervor
31:29 Hand Cart
34:20 Wagenburg Tactics
38:14 Imperial Age
35:40 Fletching
37:27 Bow Saw
37:57 Forging
37:47 Scale Mail Armor
37:49 Squires
38:04 Murder Holes
37:54 Pikeman
41:26 Elite Hussite Wagon
Fischer fischt Fisch
14:57 Feudal Age
27:35 Castle Age
light
4:51 Loom
16:38 Feudal Age
17:11 Man-at-Arms
24:09 Horse Collar
27:40 Castle Age
26:11 Double-Bit Axe
28:25 Forging
28:20 Scale Mail Armor
29:21 Crossbowman
30:24 Crossbowman
36:37 Wheelbarrow
37:40 Bow Saw
37:39 Fletching
37:49 Padded Archer Armor
38:27 Iron Casting
37:59 Scale Barding Armor
43:40 Hand Cart
Connection lost

Rejoining the realm…

Still unreachable

The connection could not be restored.

Session expired

The server has moved on; the page needs a fresh start.